 Dungeon Crawl Stone Soup version 0.19.5 (webtiles) character file.

4396 McKennaii the Thaumaturge (level 10, 0/52 HPs)
             Began as a Deep Elf Fire Elementalist on May 25, 2017.
             Was a Follower of Vehumet.
             Killed by the air
             ... invoked by Gastronok
              (15 damage)
             ... on level 8 of the Dungeon.
             The game lasted 00:21:35 (8110 turns).

McKennaii the Thaumaturge (DEFE)                    Turns: 8110, Time: 00:21:36

Health: 0/52       AC: 15    Str:  5    XL:     10   Next: 13%
Magic:  16/27      EV: 10    Int: 24    God:    Vehumet [*.....]
Gold:   406        SH:  0    Dex: 15    Spells: 4 memorised, 20 levels left

rFire  + . .     SeeInvis .     L - +0 short sword
rCold  x . .     Gourm    .     e - +3 ring mail
rNeg   . . .     Faith    .     (no shield)
rPois  .         Spirit   .     y - +0 helmet
rElec  .         Reflect  .     K - +1 cloak
rCorr  .         Harm     .     (no gloves)
MR     +....                    (no boots)
Stlth  ++........               (no amulet)
                                o - ring of fire
                                j - +3 ring of protection

@: no status effects
A: no striking features
a: Renounce Religion


You were on level 8 of the Dungeon.
You worshipped Vehumet.
Vehumet was aware of your devotion.
You were hungry.

You visited 2 branches of the dungeon, and saw 9 of its levels.

You collected 406 gold pieces.

Inventory:

Hand Weapons
 L - a +0 short sword (weapon)
Armour
 e - a +3 ring mail (worn)
 y - a +0 helmet (worn)
 K - a +1 cloak (worn)
Jewellery
 j - a +3 ring of protection (left hand)
 o - a ring of fire (right hand)
 M - an uncursed ring of see invisible
Wands
 v - a wand of digging (5/24)
 x - a wand of paralysis (14/24)
 O - a wand of teleportation (6/9)
Scrolls
 d - a scroll of fog {unknown}
 g - a scroll of enchant weapon
 h - 2 scrolls of noise
 k - a scroll of magic mapping
 m - 3 scrolls of remove curse
 p - a scroll of enchant armour
 s - a scroll of random uselessness {unknown}
 A - 3 scrolls of teleportation
 D - a scroll of blinking {unknown}
 F - a scroll of identify
 I - 2 scrolls of immolation {unknown}
 N - a scroll of amnesia {unknown}
 P - a scroll of holy word {unknown}
Potions
 a - a potion of agility
 f - 5 potions of heal wounds
 i - a potion of lignification
 l - 3 potions of flight {unknown}
 n - a potion of resistance
 t - a potion of brilliance {unknown}
 w - a potion of mutation {unknown}
 z - a potion of invisibility {unknown}
 B - 2 potions of ambrosia
 E - a potion of cancellation {unknown}
 H - 3 potions of might {unknown}
 J - 2 potions of curing
Books
 b - a book of Flames

   Spells                             Type                      Level
   a - Flame Tongue                   Conjuration/Fire             1
   b - Throw Flame                    Conjuration/Fire             2
   c - Conjure Flame                  Conjuration/Fire             3
   d - Inner Flame                    Hexes/Fire                   3
   e - Sticky Flame                   Conjuration/Fire             4
   f - Fireball                       Conjuration/Fire             5
 r - a book of Misfortune

   Spells                             Type                      Level
   a - Confusing Touch                Hexes                        1
   b - Confuse                        Hexes                        3
   c - Gell's Gravitas                Hexes/Translocation          3
   d - Petrify                        Transmutation/Earth          4
   e - Metabolic Englaciation         Hexes/Ice                    5
   f - Yara's Violent Unravelling     Hexes/Transmutation          5
Comestibles
 c - 13 bread rations
 q - 2 slices of pizza
 u - 6 fruits
 C - a beef jerky
 G - 3 meat rations


   Skills:
 + Level 1.0 Fighting
 + Level 3.8 Armour
 + Level 4.0 Dodging
 + Level 3.3 Stealth
 + Level 11.1 Spellcasting
 + Level 8.1 Conjurations
 + Level 9.0 Fire Magic


You had 20 spell levels left.
You knew the following spells:

 Your Spells              Type           Power        Failure   Level  Hunger
a - Flame Tongue          Conj/Fire      #####        1%          1    None
b - Throw Flame           Conj/Fire      ######       1%          2    None
c - Conjure Flame         Conj/Fire      ######..     1%          3    None
f - Fireball              Conj/Fire      ######....   21%         5    ####...


Dungeon Overview and Level Annotations

Branches:
Dungeon (8/15)             Temple (1/1) D:7
   Lair: D:8-11

Altars:
Ashenzari
Cheibriados
Dithmenos
Elyvilon
Fedhas
Gozag
Hepliaklqana
Kikubaaqudgha
Nemelex Xobeh
Okawaru
Qazlal
Ru
Sif Muna
Trog
Uskayaw
Vehumet
Yredelemnul
Zin
The Shining One

Annotations:
D:8 Erica, Gastronok


Message History

The river rat bites you but does no damage.
You barely miss the river rat.
The river rat is almost dead.
The river rat bites you.
* * * LOW HITPOINT WARNING * * *
You hit the river rat.
You kill the river rat!
The river rat's corpse disappears in a puff of smoke!
You start resting.
Casting: Flame Tongue
Confirm with . or Enter, or press ? or * to list all spells.
Aiming: Throw Flame
Press: ? - help, Shift-Dir - straight line, f/p - Gastronok
Aim: Gastronok, wearing a runed hat (heavily wounded)
You feel a surge of power!
The puff of flame hits Gastronok.
Gastronok is heavily wounded.
Gastronok gurgles, "I'll eat you, I will!"
Gastronok waves his eye-stalks in wide circles.
The air twists around and strikes you!
You die...

### # #.# ### # #.#
#.## ## ##.# #..###
###. #..###
#....######...
#....####.............
#.....................
###..................(
###@......w........(
##.....#......####
#....##.....## #
##...###...## #..##
#...## #..# ##...#
#..# ##.)## ##..#
###.## #...# ##.##


You could see Gastronok.

Vanquished Creatures
  The ghost of McKennaii the Thaumaturge, a novice DEFE of Vehumet (D:7)
  Pikel (D:7)
  A kobold demonologist (D:8)
  The ghost of McKennaii the Magician, a novice DEFE (D:5)
  The ghost of tschems the Chopper, an amateur HuFi (D:4)
  A two-headed ogre (D:7)
  A hippogriff (D:8)
  Grum (D:8)
  An orc warrior (D:7)
  2 ogres (D:8)
  2 wolves (D:8)
  3 centaurs
  10 big kobolds
  2 bullfrogs (D:8)
  A water moccasin zombie (D:6)
  2 scorpions
  2 centaur zombies (D:8)
  4 orc priests
  4 hounds
  An orc wizard (D:6)
  A bullfrog skeleton (D:6)
  Jessica (D:2)
  5 iguanas
  A worker ant (D:4)
  8 adders
  An adder skeleton (D:4)
  2 worms
  6 dart slugs
  4 leopard geckos
  9 orcs
  4 ball pythons
  6 giant cockroaches
  4 goblins (D:1)
  8 hobgoblins
  3 jackals
  3 quokkas
  7 bats
  11 frilled lizards
  A jackal skeleton (D:5)
  A jackal zombie (D:8)
  26 kobolds
  2 quokka skeletons
  8 rats
164 creatures vanquished.

Vanquished Creatures (others)
  A hungry ghost (D:7)
  A slave (D:7)
  A centaur (D:7)
  An ogre (D:7)
  A giant cockroach (D:7)
  A kobold (D:7)
6 creatures vanquished.

Grand Total: 170 creatures vanquished

Notes
Turn   | Place    | Note
-------+----------+-------------------------------------------
     0 | D:1      | McKennaii the Deep Elf Fire Elementalist began the quest for the Orb.
     0 | D:1      | Reached XP level 1. HP: 10/10 MP: 6/6
   194 | D:1      | Reached XP level 2. HP: 15/15 MP: 2/8
   441 | D:1      | Learned a level 2 spell: Throw Flame
   677 | D:1      | Reached XP level 3. HP: 11/19 MP: 0/10
   708 | D:1      | Learned a level 3 spell: Conjure Flame
  1169 | D:2      | Noticed Jessica
  1171 | D:2      | Killed Jessica
  1171 | D:2      | Reached skill level 4 in Spellcasting
  1171 | D:2      | Reached XP level 4. HP: 17/24 MP: 7/12
  1355 | D:2      | Found a sacrificial altar of Ru.
  1770 | D:3      | Found a faded altar of an unknown god.
  1897 | D:3      | Found a shattered altar of Ashenzari.
  2097 | D:3      | Reached XP level 5. HP: 28/28 MP: 9/14
  2107 | D:3      | Learned a level 5 spell: Fireball
  2198 | D:3      | Found a sparkling altar of Nemelex Xobeh.
  2557 | D:4      | Noticed tschems's ghost (amateur HuFi)
  2780 | D:4      | Reached skill level 5 in Spellcasting
  2986 | D:4      | Reached skill level 1 in Armour
  3581 | D:4      | Killed tschems's ghost
  3581 | D:4      | Reached skill level 6 in Spellcasting
  3581 | D:4      | Reached skill level 5 in Fire Magic
  3581 | D:4      | Reached XP level 6. HP: 28/32 MP: 6/17
  3634 | D:5      | Entered Level 5 of the Dungeon
  3661 | D:5      | Noticed McKennaii's ghost (novice DEFE)
  3670 | D:5      | Killed McKennaii's ghost
  3670 | D:5      | Reached XP level 7. HP: 32/37 MP: 7/18
  3816 | D:5      | Noticed a dagger
  3818 | D:5      | Noticed a hand axe
  3821 | D:5      | Found a hide-covered altar of Uskayaw.
  4198 | D:5      | Found a basalt altar of Yredelemnul.
  4510 | D:6      | Reached skill level 7 in Spellcasting
  4719 | D:6      | Reached XP level 8. HP: 37/42 MP: 7/20
  5132 | D:7      | Noticed McKennaii's ghost (novice DEFE)
  5145 | D:7      | Killed McKennaii's ghost
  5145 | D:7      | Reached skill level 8 in Spellcasting
  5145 | D:7      | Reached skill level 5 in Conjurations
  5159 | D:6      | HP: 2/42 [poisoned by McKennaii's ghost (sting)]
  5592 | D:7      | Found a white marble altar of Elyvilon.
  5596 | D:7      | Noticed a two-headed ogre
  5599 | D:7      | Killed a two-headed ogre
  5689 | D:7      | Noticed Pikel
  5702 | D:7      | Killed Pikel
  5702 | D:7      | Reached skill level 1 in Fighting
  5702 | D:7      | Reached skill level 9 in Spellcasting
  5702 | D:7      | Reached XP level 9. HP: 47/47 MP: 13/24
  6220 | D:7      | Found a staircase to the Ecumenical Temple.
  6274 | Temple   | Entered the Ecumenical Temple
  6329 | Temple   | Became a worshipper of Vehumet
  6806 | D:8      | Noticed Erica
  7024 | D:8      | Noticed Grum
  7025 | D:8      | Reached skill level 10 in Spellcasting
  7033 | D:8      | Killed Grum
  7136 | D:8      | Noticed a kobold demonologist
  7141 | D:8      | Noticed a smoke demon
  7142 | D:8      | Killed a kobold demonologist
  7652 | D:8      | Reached XP level 10. HP: 52/52 MP: 20/26
  7931 | D:8      | Noticed Gastronok
  7956 | D:8      | Reached * piety under Vehumet
  7956 | D:8      | Offered knowledge of Sandblast by Vehumet.
  7968 | D:8      | Reached skill level 11 in Spellcasting
  8110 | D:8      | Killed from afar by Gastronok

Skill      XL: |  1  2  3  4  5  6  7  8  9 10 |
---------------+-------------------------------+-----
Fire Magic     | 4 5 6 7 8 9 |  9.0
Spellcasting   | 4 6 7 9 10 11 | 11.1
Conjurations   | 2 3 4 6 8 |  8.1
Dodging        | 3 4 |  4.0
Armour         | 1 2 3 |  3.8
Stealth        | 3 |  3.3
Fighting       | 1 |  1.0

Action                   |  1- 3 |  4- 6 |  7- 9 | 10-12 || total
-------------------------+-------+-------+-------+-------++-------
Melee: Unarmed           |     2 |    14 |       |       ||    16
       Short sword       |       |       |    10 |    17 ||    27
 Cast: Flame Tongue      |    62 |   102 |   160 |    51 ||   375
       Throw Flame       |    11 |    24 |    63 |    10 ||   108
       Conjure Flame     |       |     2 |     2 |       ||     4
       Fireball          |       |       |     1 |       ||     1
  Use: Potion            |       |     2 |       |       ||     2
       Scroll            |       |       |    10 |       ||    10
  Eat: Chunk             |     1 |     8 |    11 |     2 ||    22
Armor: Robe              |    10 |       |       |       ||    10
       Ring mail         |       |    27 |    54 |    63 ||   144
       Skin              |       |     8 |       |       ||     8
Dodge: Dodged            |    23 |    41 |    58 |    52 ||   174
